 Dungeon Crawl Stone Soup version 0.22.1-1-ga44c0e56f4 (webtiles) character file.

37935 Ivernyr the Earth Mage (level 13, 94/94 HPs)
             Began as a Deep Dwarf Earth Elementalist on Oct 2, 2018.
             Was an Elder of Elyvilon.
             Quit the game on level 5 of the Lair of Beasts.
             The game lasted 02:15:33 (20887 turns).

Ivernyr the Earth Mage (DDEE)                      Turns: 20887, Time: 02:15:33

Health: 94/94      AC: 11    Str: 12    XL:     13   Next: 61%
Magic:  39/39      EV: 18    Int: 21    God:    Elyvilon [****..]
Gold:   840        SH:  7    Dex: 13    Spells: 16/31 levels left

rFire    . . .     SeeInvis .   h - +1 whip (flame)
rCold    + . .     Gourm    .   R - +2 buckler
rNeg     . . .     Faith    +   v - +2 robe {rC+}
rPois    .         Spirit   .   y - +1 helmet
rElec    .         Reflect  .   H - +2 cloak
rCorr    .         Harm     .   d - +0 pair of gloves
MR       +....                  (no boots)
Stlth    ++........             G - amulet of faith
HPRegen  0.00/turn              k - ring of magical power
MPRegen  0.26/turn              m - ring of magical power

@: non-regenerating
A: damage resistance, heal wounds, sense surroundings 2, no regeneration
a: Heal Wounds, Lesser Healing, Heal Other, Purification, Greater Healing,
Divine Protection, Renounce Religion


You were on level 5 of the Lair of Beasts.
You worshipped Elyvilon.
Elyvilon was greatly pleased with you.
You were not hungry.

You visited 3 branches of the dungeon, and saw 18 of its levels.

You collected 864 gold pieces.
You spent 24 gold pieces at shops.

Inventory:

Hand Weapons
 h - a +1 whip of flaming (weapon)
Missiles
 b - 248 stones (quivered)
Armour
 d - a +0 pair of gloves (worn)
 v - a +2 robe of cold resistance (worn)
 y - a +1 helmet (worn)
 H - a +2 cloak (worn)
 R - a +2 buckler (worn)
Jewellery
 k - a ring of magical power (left hand)
 m - a ring of magical power (right hand)
 B - an uncursed ring of protection from magic
 G - an amulet of faith (around neck)
 N - an uncursed ring of ice
 U - an uncursed ring of protection from cold {unknown}
Wands
 s - a wand of disintegration (15)
 x - a wand of digging (3)
 D - a wand of iceblast (10)
 I - a wand of acid (9)
 L - a wand of polymorph (17)
 Q - a wand of paralysis (16)
Scrolls
 a - a scroll of identify
 c - a scroll of amnesia
 g - 13 scrolls of remove curse
 l - 5 scrolls of enchant armour
 p - 4 scrolls of teleportation
 q - 5 scrolls of magic mapping
 t - 2 scrolls of blinking
 u - 2 scrolls of fog
 w - 2 scrolls of noise {unknown}
 z - 2 scrolls of fear {unknown}
 C - a scroll of immolation {unknown}
 J - a scroll of enchant weapon {unknown}
 P - a scroll of holy word {unknown}
Potions
 e - a potion of resistance
 f - 2 potions of magic
 i - 2 potions of lignification {unknown}
 j - 3 potions of curing
 n - 3 potions of heal wounds
 o - a potion of ambrosia {unknown}
 r - 6 potions of agility
 A - 3 potions of degeneration {unknown}
 F - 2 potions of flight
 K - 2 potions of haste
 M - 3 potions of brilliance
 O - a potion of mutation {unknown}
 S - a potion of might {unknown}
Comestibles
 E - 27 rations
 T - 2 chunks of flesh


   Skills:
 + Level 5.8 Armour
 - Level 10.0 Dodging
 - Level 2.4 Stealth
 - Level 4.1 Shields
 + Level 9.6 Spellcasting
 - Level 5.1 Transmutations
 * Level 18.0 Earth Magic
 + Level 11.4 Invocations


You had 16 spell levels left.
You knew the following spells:

 Your Spells              Type           Power        Failure   Level  Hunger
a - Sandblast             Erth           ######       0%          1    None
b - Passwall              Tmut/Erth      ######..     1%          2    None
c - Stone Arrow           Conj/Erth      #####.       1%          3    None
d - Petrify               Tmut/Erth      ######..     1%          4    ##.....
e - Lee's Rapid Deconstr  Erth           ######....   1%          5    ####...

Your spell library contained the following spells:

 Spells                   Type           Power        Failure   Level  Hunger
 Shock                    Conj/Air       ##..         7%          1    None
 Summon Butterflies       Summ           ##......     7%          1    None
 Summon Small Mammal      Summ           ##..         7%          1    None
 Call Imp                 Summ           ##......     11%         2    None
 Ensorcelled Hibernation  Hex/Ice        ##....       11%         2    None
 Poisonous Vapours        Pois/Air       ##....       11%         2    None
 Sublimation of Blood     Necr           ##........   11%         2    None
 Throw Frost              Conj/Ice       ##....       11%         2    None
 Call Canine Familiar     Summ           ##......     21%         3    None
 Mephitic Cloud           Conj/Pois/Air  ##......     21%         3    None
 Recall                   Summ/Tloc      N/A          21%         3    None
 Summon Guardian Golem    Hex/Summ       ##......     21%         3    None
 Yara's Violent Unravell  Hex/Tmut       ###.......   54%         5    ####...
 Cause Fear               Hex            ##........   56%         4    ##.....
 Force Lance              Conj/Tloc      ##......     56%         4    ##.....
 Summon Ice Beast         Ice/Summ       ##......     56%         4    ##.....
 Summon Lightning Spire   Summ/Air       ##......     56%         4    ##.....
 Silence                  Hex/Air        ##........   88%         5    ####...
 Deflect Missiles         Chrm/Air       ##........   100%        6    ######.
 Spellforged Servitor     Conj/Summ      ##........   100%        7    #######
 Discord                  Hex            ##........   100%        8    #######


Dungeon Overview and Level Annotations

Branches:
Dungeon (11/15)            Temple (1/1) D:6            Lair (6/6) D:11
 Shoals (0/4) Lair:2       Spider (0/4) Lair:3        Slime (0/5) Lair:5
    Orc (0/2) D:11

Altars:
Ashenzari
Cheibriados
Elyvilon
Gozag
Hepliaklqana
Kikubaaqudgha
Nemelex Xobeh
Okawaru
Ru
Sif Muna
Vehumet
Wu Jian
Xom
Yredelemnul
The Shining One
Beogh
Jiyva

Shops:
D:4 *(?   D:7 [

Annotations:
D:3 3 runed doors, PeterQ's ghost, amateur CeHu
Lair:4 exclusion: 2 oklob plants


Innate Abilities, Weirdness & Mutations

You are resistant to damage.
You can heal yourself by infusing magical energy.
You passively map the area around you.
You do not regenerate.


Message History

The blast of sand hits the yak.
You kill the yak!
b - 248 stones
Things that are here:
a hydra corpse; a hell rat corpse You start resting.
Magic restored.
Your magical essence is drained by the effort!
You feel much better.
Your magical essence is drained by the effort!
You feel much better.
Your magical essence is drained by the effort!
You feel much better.
You feel much better.
There is a stone staircase leading down, spattered with blood here.
Quiver which item? (- for none, * to show all) (? for menu, Esc to quit)
Okay, then.
Quiver which item? (- for none, * to show all) (? for menu, Esc to quit)
Okay, then.
Are you sure you want to abandon this character and quit the game? (Confirm

##..................#
#...................
##...................
##....................
#.....................
#P....................
###...................
#......P............
#÷.@†...............
#.†................P
##...................
#....................
##...................
#...................
#.#.................
##...............P..
#.#..............P#


There were no monsters in sight!

Vanquished Creatures
  Kirke (Lair:4)
  Snorg (Lair:4)
  Fannar (Lair:2)
  Josephine (Lair:4)
  5 hydras
  A death yak (Lair:5)
  Nergalle (Lair:4)
  A necromancer (Lair:3)
  Pikel (D:3)
  A black mamba (Lair:5)
  2 elephants (Lair:4)
  Joseph (D:8)
  17 spiny frogs
  5 komodo dragons
  3 rime drakes
  2 kobold demonologists (D:11)
  A tengu conjurer (D:10)
  2 hornets
  A polar bear (Lair:2)
  16 dream sheep
  4 hippogriffs
  8 blink frogs
  A wyvern (D:10)
  3 wraiths (Lair:4)
  26 yaks
  5 basilisks
  Edmund (D:4)
  12 water moccasins
  3 porcupines
  A black bear (D:8)
  4 orc warriors
  A sky beast (D:7)
  An ice beast (D:5)
  2 necrophages (D:7)
  3 ogres (D:7)
  6 phantoms
  11 wolves
  4 centaurs
  9 crocodiles
  2 big kobolds
  17 bullfrogs
  4 scorpions
  A wight (D:7)
  7 killer bees
  6 crimson imps
  2 centaur zombies
  A bullfrog zombie (D:5)
  A jelly (D:11)
  2 hounds
  12 orc wizards
  Crazy Yiuf (D:2)
  5 orc priests
  4 bullfrog skeletons
  2 iguanas
  Terence (D:2)
  5 worker ants
  6 hell rats
  2 yak simulacra (Lair:3)
  6 wolf simulacra (Lair:3)
  3 polar bear simulacra (Lair:3)
  2 mummies (D:7)
  A worker ant zombie (D:6)
  Robin (D:4)
  A howler monkey zombie (D:11)
  7 adders
  5 gnolls
  2 howler monkey skeletons
  A shadow imp (D:10)
  An ooze (D:2)
  2 adder zombies
  2 adder skeletons
  2 worms (D:4)
  A dart slug (D:1)
  4 leopard geckos
  42 orcs
  2 giant cockroaches
  4 hobgoblins
  10 jackals
  6 quokkas
  2 bats
  6 frilled lizards
  17 goblins
  7 kobolds
  2 leopard gecko zombies
  2 rats (D:1)
  A plant (Lair:4)
392 creatures vanquished.

Vanquished Creatures (others)
  An elephant (Lair:4)
  6 humans (Lair:4)
  An orc (D:4)
  9 fungi
  13 plants
30 creatures vanquished.

Grand Total: 422 creatures vanquished

Notes
Turn   | Place    | Note
-------+----------+-------------------------------------------
     0 | D:1      | Ivernyr the Deep Dwarf Earth Elementalist began the quest
                  | for the Orb.
     0 | D:1      | Reached XP level 1. HP: 15/15 MP: 3/3
   206 | D:1      | Reached XP level 2. HP: 22/22 MP: 2/4
   232 | D:1      | Learned a level 2 spell: Passwall
  1043 | D:2      | Reached XP level 3. HP: 25/28 MP: 3/6
  1058 | D:2      | Reached skill level 5 in Earth Magic
  1155 | D:2      | Learned a level 3 spell: Stone Arrow
  1486 | D:2      | Found a runed door.
  1490 | D:2      | Noticed Crazy Yiuf
  1512 | D:2      | Killed Crazy Yiuf
  1644 | D:2      | Reached XP level 4. HP: 36/36 MP: 3/7
  1753 | D:2      | Found an ornate altar of the Wu Jian Council.
  2080 | D:2      | Noticed Terence
  2127 | D:2      | Killed Terence
  2949 | D:3      | Found a shimmering altar of Xom.
  2949 | D:3      | Found a shattered altar of Ashenzari.
  3262 | D:3      | Found a runed gate.
  3263 | D:3      | Found a runed gate.
  3263 | D:3      | Noticed PeterQ's ghost (amateur CeHu)
  3264 | D:3      | Found a roughly hewn altar of Beogh.
  3264 | D:3      | Found a runed gate.
  3360 | D:4      | Noticed Robin
  3373 | D:4      | Reached skill level 6 in Earth Magic
  3491 | D:4      | Noticed Pikel
  3491 | D:4      | Noticed a slave
  3491 | D:4      | Noticed a slave
  3491 | D:4      | Noticed a slave
  3491 | D:4      | Noticed a slave
  3504 | D:3      | Killed Pikel
  3504 | D:3      | Reached skill level 8 in Earth Magic
  3504 | D:3      | Reached XP level 5. HP: 13/42 MP: 7/10
  3504 | D:3      | Reached XP level 6. HP: 15/49 MP: 7/11
  3504 | D:3      | Reached XP level 7. HP: 17/55 MP: 7/12
  3720 | D:4      | Reached skill level 5 in Dodging
  3792 | D:4      | Found Avugiew's Magic Scroll Boutique.
  3796 | D:4      | Found Siahymov's Antique Weapon Boutique.
  3806 | D:4      | Bought a scroll of identify for 24 gold pieces
  3875 | D:4      | Reached skill level 9 in Earth Magic
  4152 | D:4      | Found Itakye's Assorted Antiques.
  4322 | D:4      | Reached XP level 8. HP: 45/62 MP: 5/12
  4441 | D:4      | Noticed Edmund
  4458 | D:4      | Killed Edmund
  4586 | D:4      | Killed Robin
  4861 | D:5      | Entered Level 5 of the Dungeon
  4927 | D:5      | Learned a level 4 spell: Petrify
  4933 | D:5      | Learned a level 5 spell: Lee's Rapid Deconstruction
  4971 | D:5      | Reached skill level 10 in Earth Magic
  5820 | D:5      | Found a deep blue altar of Sif Muna.
  6485 | D:6      | Found a staircase to the Ecumenical Temple.
  6498 | Temple   | Entered the Ecumenical Temple
  6567 | Temple   | Became a worshipper of Elyvilon the Healer
  6639 | D:6      | Reached skill level 11 in Earth Magic
  6682 | D:6      | Reached skill level 5 in Spellcasting
  7295 | D:6      | Identified the Volume of Damaging Creation
  7393 | D:7      | Found Zaynor's Armour Shop.
  7461 | D:7      | Gained mutation: You passively map the area around you.
                  | [Deep Dwarf growth]
  7461 | D:7      | Reached XP level 9. HP: 35/68 MP: 13/14
  7607 | D:7      | Reached * piety under Elyvilon
  7670 | D:7      | Reached skill level 12 in Earth Magic
  8642 | D:8      | Reached ** piety under Elyvilon
  8652 | D:8      | Noticed Joseph
  8671 | D:8      | Killed Joseph
  8671 | D:8      | Reached skill level 13 in Earth Magic
  8671 | D:8      | Reached skill level 1 in Invocations
  9041 | D:8      | Reached XP level 10. HP: 66/75 MP: 0/17
  9843 | D:9      | Found a sacrificial altar of Ru.
  9937 | D:9      | Found a snail-covered altar of Cheibriados.
 10011 | D:9      | Reached *** piety under Elyvilon
 10846 | D:10     | Entered Level 10 of the Dungeon
 11413 | D:10     | Found a sacrificial altar of Ru.
 11686 | D:10     | Reached skill level 14 in Earth Magic
 11728 | D:10     | Reached **** piety under Elyvilon
 12069 | D:11     | Found a staircase to the Orcish Mines.
 12201 | D:11     | Noticed a four-headed hydra
 12206 | D:11     | Killed a four-headed hydra
 12206 | D:11     | Reached skill level 5 in Invocations
 12557 | D:11     | Noticed an orange demon
 12566 | D:11     | Reached XP level 11. HP: 69/81 MP: 0/19
 12750 | D:11     | Reached skill level 15 in Earth Magic
 12894 | D:11     | Found a staircase to the Lair.
 12902 | D:11     | Found a deep blue altar of Sif Muna.
 13263 | Lair:1   | Entered Level 1 of the Lair of Beasts
 13490 | Lair:1   | Noticed an eight-headed hydra
 13503 | Lair:1   | Killed an eight-headed hydra
 14020 | Lair:1   | Reached ***** piety under Elyvilon
 14522 | Lair:2   | Reached skill level 10 in Dodging
 14702 | Lair:2   | Reached skill level 1 in Armour
 14702 | Lair:2   | Reached skill level 16 in Earth Magic
 14747 | Lair:2   | Reached skill level 1 in Transmutations
 14807 | Lair:2   | Found a staircase to the Shoals.
 14980 | Lair:2   | Noticed Fannar
 15005 | Lair:2   | Reached skill level 1 in Shields
 15054 | Lair:2   | Killed Fannar
 15602 | Lair:3   | Noticed a five-headed hydra
 15615 | Lair:3   | Killed a five-headed hydra
 15615 | Lair:3   | Reached XP level 12. HP: 88/88 MP: 9/22
 15801 | Lair:3   | Found a hole to the Spider Nest.
 16170 | Lair:3   | Identified A Primer on Witchcraft
 16860 | Lair:4   | Noticed Josephine
 16864 | Lair:4   | Noticed Kirke
 16886 | Lair:4   | Killed Josephine
 17042 | Lair:4   | Reached skill level 5 in Transmutations
 17220 | Lair:4   | Killed Kirke
 17360 | Lair:4   | Noticed Snorg
 17402 | Lair:4   | Killed Snorg
 17402 | Lair:4   | Reached skill level 10 in Invocations
 17651 | Lair:4   | Noticed Nergalle
 17662 | Lair:4   | Killed Nergalle
 17794 | Lair:4   | Noticed a six-headed hydra
 17813 | Lair:4   | Killed a six-headed hydra
 18834 | Lair:4   | Reached XP level 13. HP: 94/94 MP: 24/24
 18867 | Lair:4   | Reached skill level 17 in Earth Magic
 19760 | Lair:5   | Found a viscous altar of Jiyva.
 19761 | Lair:5   | Found a staircase to the Slime Pits.
 19970 | Lair:6   | Entered Level 6 of the Lair of Beasts
 20245 | Lair:5   | Reached skill level 5 in Armour
 20849 | Lair:5   | Reached skill level 18 in Earth Magic
 20887 | Lair:5   | Quit the game

Skill      XL: |  1  2  3  4  5  6  7  8  9 10 11 12 13 |
---------------+----------------------------------------+-----
Spellcasting   | 2 3 4 5 6 7 8 9 |  9.6
Earth Magic    | 5 8 9 11 13 14 16 18 | 18.0
Dodging        | 3 4 5 6 8 9 10 | 10.0
Invocations    | 2 5 8 10 11 | 11.4
Armour         | 1 3 5 |  5.8
Transmutations | 2 5 |  5.1
Shields        | 2 4 |  4.1
Stealth        | |  2.4

Action                   |  1- 3 |  4- 6 |  7- 9 | 10-12 | 13-15 || total
-------------------------+-------+-------+-------+-------+-------++-------
Melee: Whip              |    39 |    44 |    27 |     9 |     2 ||   121
Throw: Stone             |       |       |     1 |       |       ||     1
 Cast: Sandblast         |    25 |    35 |    96 |   201 |   124 ||   481
       Stone Arrow       |     7 |    11 |   132 |   187 |    15 ||   352
       Lee's Rapid Decon |       |       |     8 |    64 |    25 ||    97
       Petrify           |       |       |     6 |    17 |     9 ||    32
       Passwall          |       |       |       |     1 |       ||     1
Invok: Lesser Healing    |       |       |     6 |    13 |    25 ||    44
       Greater Healing   |       |       |       |    15 |    10 ||    25
 Abil: Heal Wounds       |     1 |     2 |     6 |       |     4 ||    13
  Use: Scroll            |       |       |     1 |    15 |       ||    16
 Stab: Sleeping          |     1 |     1 |       |       |       ||     2
  Eat: Chunk             |     3 |     4 |    25 |    45 |    18 ||    95
       Ration            |       |     1 |     1 |     3 |     1 ||     6
Armor: Robe              |     8 |    18 |    22 |    56 |    44 ||   148
Dodge: Dodged            |    25 |    75 |    89 |   179 |   202 ||   570
Block: Buckler           |       |       |       |    14 |    91 ||   105
